 Dungeon Crawl Stone Soup version 0.29.0-4-gdea44cf6ec (webtiles) character file.

Game seed: 4437923367090306847

4 qw the Caller (level 1, -1/14 HPs)
             Began as a Ghoul Summoner on Sept 10, 2022.
             Slain by a giant cockroach (2 damage)
             ... on level 1 of the Dungeon.
             The game lasted 00:00:07 (344 turns).

qw the Caller (Ghoul Summoner)                       Turns: 344, Time: 00:00:07

Health: -1/14      AC:  2    Str: 11    XL:     1   Next: 70%
Magic:  0/2        EV: 12    Int: 10    God:
Gold:   52         SH:  0    Dex:  9    Spells: 2/3 levels left

rFire   . . .      SeeInvis .   c - +0 whip
rCold   + . .      Faith    .   (no shield)
rNeg    + + +      Spirit   .   a - +0 robe
rPois   inf        Reflect  .   (no helmet)
rElec   .          Harm     .   (no cloak)
rCorr   .          Rampage  .   (no gloves)
Will    .....                   (no boots)
Stlth   ++........              (no amulet)
HPRegen 0.00/turn               (no ring)
MPRegen 0.08/turn               (no ring)

@: inhibited regen
A: claws 1, cold resistance 1, negative energy resistance 3, inhibited
regeneration, torment resistance 2, devour on kill
a: no special abilities


You were on level 1 of the Dungeon.
You visited 1 branch of the dungeon, and saw 1 of its levels.

You collected 52 gold pieces.


Innate Abilities, Weirdness & Mutations

You are immune to poison.
You have sharp fingernails.
Your flesh is cold resistant. (rC+)
You are immune to negative energy. (rN+++)
You do not regenerate when monsters are visible.
You are immune to unholy pain and torment.
You thrive by killing the living.


   Skills:
 + Level 0.0 Fighting
 - Level 1.0 Axes
 - Level 1.7 Dodging
 - Level 2.1 Stealth
 - Level 1.7 Spellcasting
 - Level 3.6 Summonings


You had 2 spell levels left.
You knew the following spells:

 Your Spells              Type           Power      Damage    Failure   Level
a - Summon Small Mammal   Summ           32%        N/A       8%          1

Your spell library contained the following spells:

 Spells                   Type           Power      Damage    Failure   Level
 Call Imp                 Summ           8%         N/A       11%         2
 Call Canine Familiar     Summ           8%         N/A       22%         3
 Summon Guardian Golem    Hex/Summ       4%         N/A       43%         3
 Summon Lightning Spire   Summ/Air       4%         N/A       83%         4

Inventory:

Hand Weapons
 c - a +0 whip (weapon)
Armour
 a - a +0 robe (worn)
Scrolls
 d - a scroll of magic mapping {unknown}
Potions
 b - a potion of magic

Dungeon Overview and Level Annotations

Branches:
Dungeon (1/15)

Altars:


Message History

Your bat hits the giant cockroach but does no damage.
The giant cockroach barely misses you.
You barely miss the giant cockroach.
The giant cockroach is lightly wounded.
Your bat barely misses the giant cockroach.
Your bat hits the giant cockroach but does no damage.
The giant cockroach bites you but does no damage.
You closely miss the giant cockroach.
The giant cockroach is lightly wounded.
Your bat barely misses the giant cockroach.
Your bat hits the giant cockroach but does no damage.
The giant cockroach closely misses you. The giant cockroach misses you.
340 ||| CASTING Summon Small Mammal
Casting: Summon Small Mammal (safe; 8% risk of failure)
Confirm with . or Enter, or press ? or * to list all spells.
Your bat disappears in a puff of smoke!
Your bat hits the giant cockroach.
Your bat hits the giant cockroach but does no damage.
The giant cockroach closely misses your bat.
You hit the giant cockroach but do no damage.
The giant cockroach is moderately wounded.
Your bat completely misses the giant cockroach.
The giant cockroach bites you.
Your bat barely misses the giant cockroach.
You hit the giant cockroach but do no damage.
The giant cockroach is moderately wounded.
Your bat hits the giant cockroach but does no damage.
The giant cockroach misses your bat.
Your rat bites the giant cockroach.
You hit the giant cockroach but do no damage.
The giant cockroach is moderately wounded.
Your bat hits the giant cockroach but does no damage.
The giant cockroach barely misses you.
Your bat hits the giant cockroach but does no damage.
Your rat barely misses the giant cockroach.
The giant cockroach barely misses you.
You hit the giant cockroach.
The giant cockroach is severely wounded.
Your bat barely misses the giant cockroach.
The giant cockroach bites you.
You die...

...
####.....####
... .#
##.#.......#.##
...####.
#...?.........#
.......
.............
###...#
............
......#
#..!b...#
..#...# #%B...#
.##...######
##@r)##
.....>.....##
#..)..#
.#########..#
##...## .# ##.#
##.## .#
#.####...# ##
#....##.##
####....#
######


You could see a giant cockroach (ally target), a friendly bat (summoned) and a
friendly rat (summoned).

Vanquished Creatures
  A dart slug (D:1)
  A kobold (D:1)
2 creatures vanquished.

Vanquished Creatures (collateral kills)
  A goblin (D:1)
1 creature vanquished.

Grand Total: 3 creatures vanquished

Notes
Turn   | Place    | Note
-------+----------+-------------------------------------------
     0 | D:1      | qw the Ghoul Summoner began the quest for the Orb.
     0 | D:1      | Reached XP level 1. HP: 14/14 MP: 2/2
     0 | D:1      | 0 ||| qw: Version: 0.1-a-116-g5d60599
     0 | D:1      | 0 ||| qw: Game counter: 7479
     0 | D:1      | 0 ||| qw: Always use a shield: true
     0 | D:1      | 0 ||| qw: God list: Okawaru
     0 | D:1      | 0 ||| qw: Allow faded altars: false
     0 | D:1      | 0 ||| qw: Do Orc after D:15 true
     0 | D:1      | 0 ||| qw: Do second Lair branch before Depths: true
     0 | D:1      | 0 ||| qw: Lair rune preference: random
     0 | D:1      | 0 ||| qw: Plans: Normal
     0 | D:1      | 0 ||| PLANNING D:1-11
     4 | D:1      | 4 ||| Wielding weapon +0 whip.
    40 | D:1      | 40 ||| CASTING Summon Small Mammal
    41 | D:1      | 41 ||| CASTING Summon Small Mammal
   136 | D:1      | 136 ||| CASTING Summon Small Mammal
   137 | D:1      | 137 ||| CASTING Summon Small Mammal
   148 | D:1      | 148 ||| CASTING Summon Small Mammal
   327 | D:1      | 327 ||| Stepping ~*~*~tactically~*~*~ (hiding).
   328 | D:1      | 328 ||| CASTING Summon Small Mammal
   329 | D:1      | 329 ||| CASTING Summon Small Mammal
   336 | D:1      | HP: 2/14 [giant cockroach (2)]
   337 | D:1      | Reached skill level 1 in Axes
   340 | D:1      | 340 ||| CASTING Summon Small Mammal
   341 | D:1      | HP: 1/14 [giant cockroach (1)]
   344 | D:1      | Slain by a giant cockroach

Levels and vault maps discovered:
D:1:      dpeg_arrival_concentric_ovals, layout_basic,
          nicolae_figureground_sparkle

Skill      XL: |  1 |
---------------+----+-----
Axes           | 1 |  1.0
Dodging        | |  1.7
Stealth        | |  2.1
Spellcasting   | |  1.7
Summonings     | |  3.6

Action                   || total
-------------------------++-------
Melee: Whip              ||    23
       Punch             ||     1
 Cast: Summon Small Mamm ||     6
Armor: Robe              ||     4
Dodge: Dodged            ||    15

Table legend:
 A = Non-vault XP
 B = Vault XP
 C = Vault XP percentage of total XP
 D = Non-vault monster count
 E = Vault monster count
 F = Vault count percentage of total count
                 A         B        C        D         E       F
            +---------+---------+-------+---------+---------+-------
      Total |       7 |       0 |   0.0 |       3 |       0 |   0.0
            +---------+---------+-------+---------+---------+-------
        D:1 |       7 |       0 |   0.0 |       3 |       0 |   0.0
            +---------+---------+-------+---------+---------+-------
